Cogmind - Beta 15 @@@ ROGUE MODE // 2025.05.13 @ 23:19:24 Player: GlasMayne Result: Destroyed self via exploding Nuclear Reactor Performance ------------- Evolutions (1) 500 Regions Visited (2) 400 Robots Destroyed (34) 170 Value Destroyed (847) 847 Prototype IDs (0) 0 Alien Tech Used (0) 0 Bonus (0) 0 TOTAL SCORE: 1917 Bonus ------- None Cogmind --------- Core Integrity 0/400 Matter 18/300 Energy 100/100 System Corruption 3% Temperature Cool (0) Movement Core (1350) Ox26 Location -9/Materials Parts ------- > --- POWER (1) -------- (None) > --- PROPULSION (3) --- (None) > --- UTILITY (3) ------ Huge Storage Unit Seismic Detector > --- WEAPON (2) ------- (None) > --- INVENTORY (25) --- Reinforced Ion Engine Reinforced Ion Engine Reinforced Ion Engine Aluminum Leg Large Storage Unit Large Storage Unit Huge Storage Unit Medium Battery (150) Assault Rifle Light Cannon Light Cannon Mini Grenade Launcher Heavy Hammer Peak State ------------ > --- POWER ------------ Ion Engine > --- PROPULSION ------- Light Treads Light Treads Aluminum Leg > --- UTILITY ---------- Large Storage Unit Improved Terrain Scanner > --- WEAPON ----------- Medium Laser Rocket Launcher > --- INVENTORY -------- Light Ion Engine Aluminum Leg Wheel Compact Wheel Large Storage Unit Medium Battery Light Armor Plating Assault Rifle Light Cannon Light Cannon Grenade Launcher Rocket Launcher [Rating: 12] Favorites ----------- Power Ion Engine Engine Ion Engine Propulsion Light Treads Treads Light Treads Leg Aluminum Leg Wheel Compact Wheel Utility Improved Terrain Scanner Device Improved Terrain Scanner Storage Small Storage Unit Protection Light Armor Plating Weapon Assault Rifle Energy Gun Medium Laser Ballistic Gun Assault Rifle Launcher Grenade Launcher Build | -11 -10 -9 ------- Run | Yrd Mat Mat Slots Evolved 2 | . . 2 Power . | . . . Propulsion 1 | . . 1 Utility 1 | . . 1 Weapon . | . . . Parts Attached 21 | 7 3 11 Power 2 | 1 . 1 Engine 2 | 1 . 1 Core . | . . . Reactor . | . . . Propulsion 5 | 2 . 3 Treads 2 | 2 . . Leg 1 | . . 1 Wheel 2 | . . 2 Hover . | . . . Flight . | . . . Utility 6 | 2 1 3 Device 2 | 1 . 1 Storage 3 | 1 1 1 Processor . | . . . Hackware . | . . . Protection 1 | . . 1 Artifact . | . . . Weapon 8 | 2 2 4 Energy Gun 2 | . 1 1 Energy Cannon . | . . . Ballistic Gun 2 | 2 . . Ballistic Cannon . | . . . Launcher 4 | . 1 3 Special Weapon . | . . . Impact Weapon . | . . . Slashing Weapon . | . . . Piercing Weapon . | . . . Special Melee Weapon . | . . . Unidentified Prototypes . | . . . Parts Lost 14 | . . 14 Power 2 | . . 2 Propulsion 5 | . . 5 Utility 2 | . . 2 Weapon 5 | . . 5 Highest Loss Streak 5 | . . 5 To Critical Strikes 1 | . . 1 Average Backups 9 | 4 7 13 Power 1 | . 1 2 Propulsion 2 | 2 3 1 Utility 2 | . 1 4 Weapon 3 | . 2 5 Tool/Special . | . . . Unused Backups 13 | . 2 11 Power 4 | . . 4 Propulsion 1 | . . 1 Utility 4 | . 1 3 Weapon 4 | . 1 3 Tool/Special . | . . . Average Slot Usage (%) 76 | . 100 56 Engine 11 | . 14 9 Treads 15 | . 28 4 Leg 1 | . . 3 Wheel 4 | . . 8 Device 7 | . 14 2 Storage 12 | . 14 11 Protection 1 | . . 2 Energy Gun 6 | . 4 7 Ballistic Gun 6 | . 14 . Launcher 8 | . 8 7 Peak Build Rating 12 | 9 10 12 Average Rating 8 | 6 9 8 On Entrance 6 | . 9 10 Naked Turns . | . . . Heaviest Build 100 | 14 31 100 Greatest Support 40 | 40 40 40 Greatest Overweight (x) 6 | 3 . 6 Average Overweight (x) 2 | . . 4 Largest Inventory Capacity 25 | 8 15 25 Average Capacity 15 | 7 9 21 Most Carried 15 | 5 10 15 Average Carried 9 | 4 7 13 Final Capacity 25 | 8 15 25 Final Carried 13 | 5 10 13 Class Distribution -------------------- 100% | Mutant Dominant Class ---------------- Mutant | -10/Materials Mutant | -9/Materials Resources | -11 -10 -9 ----------- Run | Yrd Mat Mat Matter Collected 433 | 271 33 129 Remotely . | . . . Salvage Created 619 | 30 149 440 Parts 57 | 4 12 41 Haulers Intercepted 1 | . 1 . Recyclers Shooed 2 | . 2 . Parts Field Recycled . | . . . Retrieved Matter . | . . . Parts Self-Destructed . | . . . Prevented . | . . . Kills | -11 -10 -9 ------- Run | Yrd Mat Mat Combat Hostiles Destroyed 24 | . 5 19 Guns 7 | . 2 5 AOE 17 | . 3 14 Classes Destroyed 10 | 1 5 4 Worker 1 | . . 1 Builder 2 | . 1 1 Tunneler 1 | 1 . . Hauler 1 | . 1 . Mechanic 1 | . . 1 Operator 1 | . . 1 Watcher 3 | . 1 2 Swarmer 10 | . 3 7 Grunt 9 | . 2 7 Sentry 5 | . . 5 Best Kill Streak 8 | 1 3 8 Combat Bots Only 5 | . 3 5 Max Kills in Single Turn 2 | 1 2 2 Gunslinging . | . . . Exploded 2 | . 2 2 Melee . | . . . Uniques/NPCs Destroyed . | . . . Combat | -11 -10 -9 -------- Run | Yrd Mat Mat Hostile Shots Fired 183 | . 23 160 Missed 49 | . 6 43 Hits 134 | . 17 117 Projectile 134 | . 17 117 Critical Strikes 2 | . . 2 Damage Taken 1741 | . 215 1526 Core 471 | . 45 426 Absorbed by Shields . | . . . Core Remaining (%) 91 | 100 82 . Volleys Fired 64 | 13 13 38 Largest 2 | 2 2 2 Hottest 83 | 40 80 83 Shots Fired 86 | 15 21 50 Gun 57 | 15 13 29 Cannon . | . . . Launcher 29 | . 8 21 Special . | . . . Kinetic 23 | 15 8 . Thermal 34 | . 5 29 Explosive 29 | . 8 21 Electromagnetic . | . . . Robot Hit Streak 7 | 4 7 3 Robot Miss Streak 3 | 2 3 3 Penetration Max . | . . . Secondary Targets . | . . . Shots Hit Robots 38 | 8 7 23 Core Hits 51 | 2 11 38 Critical Kills . | . . . Critical Parts Destroyed 1 | . 1 . Critical Strikes 3 | . 2 1 Burn 2 | . 1 1 Destroy 1 | . 1 . Melee Attacks . | . . . Impact . | . . . Slashing . | . . . Piercing . | . . . Sneak Attacks . | . . . Combat Hostiles . | . . . Follow-up Attacks . | . . . Damage Inflicted 2197 | 84 551 1562 Guns 359 | 84 90 185 Cannons . | . . . Explosions 1756 | . 453 1303 Melee . | . . . Ramming 82 | . 8 74 Kinetic 136 | 84 52 . Thermal 223 | . 38 185 Explosive 1724 | . 421 1303 Electromagnetic 32 | . 32 . Impact . | . . . Slashing . | . . . Piercing . | . . . Highest Corruption 3 | . 2 3 Average Corruption 2 | . 2 3 Corruption Purged . | . . . Corruption Blocked . | . . . Effects 9 | . 2 7 Message Errors 2 | . 1 1 Matter Fused 2 | . 1 1 Energy Discharges 1 | . . 1 Data Loss (minor) 1 | . . 1 Data Loss (major) 2 | . . 2 Misfires 1 | . . 1 Overload Shots . | . . . Overflow Damage 28 | . 3 25 Projectiles . | . . . Explosions 11 | . 3 8 Melee 17 | . . 17 Knockbacks 1 | . . 1 Impact 1 | . . 1 Kinetic . | . . . Secondary . | . . . Self-Inflicted Damage 276 | . 22 254 Shots 7 | . 2 5 Rammed 4 | . 1 3 Targets Rammed 4 | . 1 3 Kicked . | . . . Crushed . | . . . Highest Temperature 229 | . 36 229 Average Temperature 51 | . 14 58 Received Heat Transfer 375 | . 57 318 Siege Activations . | . . . Martial Activations . | . . . Shielding Activations . | . . . Robots Disrupted . | . . . Combat Hostiles . | . . . Robots Corrupted . | . . . Combat Hostiles . | . . . Parts Fried . | . . . Impact Corruptions 2 | . . 2 Robots Melted . | . . . Combat Hostiles . | . . . Parts Melted 1 | . . 1 Heat Transferred 740 | . 185 555 Parts Sabotaged . | . . . Parts Stolen . | . . . Parts Stripped . | . . . Power Chain Reactions . | . . . Alert | -11 -10 -9 ------- Run | Yrd Mat Mat Maximum Alert Level 1 | . . 1 Low Security (%) 61 | 100 100 18 Level 1 38 | . . 81 Level 2 . | . . . Level 3 . | . . . Level 4 . | . . . Level 5 . | . . . High Security . | . . . Max Security . | . . . Peak Influence 344 | 5 141 344 Initial 24 | . . 24 Average 130 | . 55 231 Influence Increases 1008 | 5 237 766 Destroy 0b10 Robot/C 480 | . 100 380 Destroy 0b10 Robot/NC 50 | 5 15 30 Destroy Leader 118 | . 24 94 Successful Hack 5 | . . 5 Disable Machine 120 | . 45 75 Destroy Structure 190 | . 53 137 Lose Combat Pursuer 45 | . . 45 Influence Decreases 683 | 5 178 500 Entered New Map 35 | . . 35 Time Decay 508 | 5 178 325 Lost Part 140 | . . 140 Squads Dispatched 2 | . . 2 Investigation 1 | . . 1 Extermination . | . . . Reinforcement 1 | . . 1 Assault . | . . . Garrison . | . . . Intercept . | . . . Searches Triggered . | . . . Construction Impeded 1 | . . 1 Haulers Reinforced . | . . . Active Scanning Responses . | . . . Cargo Convoy Interrupts . | . . . Stealth | -11 -10 -9 --------- Run | Yrd Mat Mat Distress Signals . | . . . Communications Jammed . | . . . Distress Signals . | . . . Times Spotted 35 | . 8 27 Peak Tracking Total 5 | . 3 5 Tactical Retreats 1 | . . 1 Traps | -11 -10 -9 ------- Run | Yrd Mat Mat Traps Triggered 2 | . 1 1 Indirectly . | . . . Trap Hack Attempts . | . . . Triggered . | . . . Disarmed . | . . . Reprogrammed . | . . . Reused . | . . . Traps Extracted . | . . . Installed . | . . . Triggered . | . . . Machines | -11 -10 -9 ---------- Run | Yrd Mat Mat Machines Disabled 8 | . 3 5 Max in Single Turn 2 | . 1 2 Machines Repaired . | . . . Machines Dismantled . | . . . Machines Sabotaged . | . . . Overloaded Fab Kills . | . . . Hacking | -11 -10 -9 --------- Run | Yrd Mat Mat Machines Accessed 2 | . 1 1 Terminals 2 | . 1 1 Fabricators . | . . . Repair Stations . | . . . Recycling Units . | . . . Scanalyzers . | . . . Garrison Access . | . . . Total Hacks 4 | . 2 2 Successful 1 | . . 1 Failed 3 | . 2 1 Catastrophic . | . . . Database Lockouts . | . . . Manual . | . . . Terminals 4 | . 2 2 Fabricators . | . . . Repair Stations . | . . . Recycling Units . | . . . Scanalyzers . | . . . Garrison Access . | . . . Terminal Hacks 1 | . . 1 Hauler Manifests 1 | . . 1 Fabricator Hacks . | . . . Repair Station Hacks . | . . . Recycling Unit Hacks . | . . . Scanalyzer . | . . . Garrison Access Hacks . | . . . Unauthorized Hacks . | . . . Terminals . | . . . Fabricators . | . . . Repair Stations . | . . . Recycling Units . | . . . Scanalyzers . | . . . Garrison Access . | . . . Data Cores Recovered . | . . . Used . | . . . Hacking Detections 2 | . 1 1 Full Trace Events . | . . . Feedback Events . | . . . Feedback Blocked . | . . . Robot Schematics Acquired . | . . . Robots Built . | . . . Authchips . | . . . Time . | . . . Total Robot Build Rating . | . . . Part Schematics Acquired . | . . . Parts Built . | . . . Authchips . | . . . Time . | . . . Total Part Build Rating . | . . . Parts Repaired . | . . . Time . | . . . Parts Recycled . | . . . Recycled Matter . | . . . Retrieved Matter . | . . . Retrieved Components . | . . . Parts Scanalyzed . | . . . Part Schematics Acquired . | . . . Parts Damaged . | . . . Bothacking | -11 -10 -9 ------------ Run | Yrd Mat Mat Used RIF Installer . | . . . Robots Hacked . | . . . Non-combat . | . . . Combat . | . . . Robot Hacks Applied . | . . . Relay Couplers Released . | . . . Fabnet Peak Effective % . | . . . Robots Rewired . | . . . Allies Hacked . | . . . Hacks Repelled . | . . . Allies | -11 -10 -9 -------- Run | Yrd Mat Mat Total Allies . | . . . Largest Group . | . . . Highest-Rated Group . | . . . Highest-Rated Ally . | . . . Total Orders . | . . . Ally Attacks . | . . . Total Damage . | . . . Kills . | . . . Allies Corrupted . | . . . Allies Melted . | . . . Intel | -11 -10 -9 ------- Run | Yrd Mat Mat Active Infowar (turns) 863 | 91 619 153 Terrain 840 | 91 619 130 Seismic 23 | . . 23 Robot Analysis Total . | . . . Derelict Logs Recovered . | . . . Drone Launches . | . . . Drone Recoveries . | . . . Exploration | -11 -10 -9 ------------- Run | Yrd Mat Mat Turns Passed 1552 | 202 619 731 Spaces Moved 692 | 99 237 356 Core 13 | 13 . . Treads 384 | 86 237 61 Legs . | . . . Wheels 295 | . . 295 Hover . | . . . Flight . | . . . Fastest Speed 50 | 50 160 110 Average Speed 166 | 161 160 171 Slowest Speed 240 | 200 160 240 Overloaded Moves . | . . . Propulsion Burnouts . | . . . Robots Hopped . | . . . Potential Cave-ins . | . . . Cave-ins Triggered . | . . . Exploration Rate (%) 24 | 5 40 27 Regions Visited 2 Branch Regions . Pre-discovered Areas . | . . . Known Exits Taken . | . . . Unknown Exits Taken 2 | 1 1 . Scrap Searched . | . . . Spaces Dug 6 | . 6 . Terrain Destroyed 285 | . 72 213 Melee . | . . . Projectile . | . . . AOE 285 | . 72 213 Terrain Rammed . | . . . Walls Destroyed . | . . . Machines Disabled . | . . . Actions | -11 -10 -9 --------- Run | Yrd Mat Mat Total 1006 | 123 456 427 Wait 195 | . 191 4 Move 690 | 98 236 356 Hop . | . . . Pick Up 24 | 5 8 11 Fast Attach 9 | 7 . 2 Attach 8 | . . 8 Detach 1 | . . 1 Swap 5 | . 3 2 Drop 6 | . 4 2 Fire 64 | 13 13 38 Melee . | . . . Ram 3 | . . 3 Kick . | . . . Crush 1 | . 1 . Escape Stasis . | . . . Rewire . | . . . Trap . | . . . Miscellaneous . | . . . Route ------- -11/Scrapyard -10/Materials -9/Materials (discovered 1 exit: [*Sto]) History --------- Turn | Location | Event 13 | -11/Scrapyard | Discovered new exit (range 16) 203 | -11/Scrapyard | Entered Materials 318 | -10/Materials | Build established: Mutant 533 | -10/Materials | Discovered new exit (range 10) 822 | -10/Materials | Entered another Materials area 822 | -9/Materials | Evolved 2 slots: Propulsion x1, Utility x1 868 | -9/Materials | Discovered new exit (range 14) 1087 | -9/Materials | Lost 5 parts (1p3n1w) 1344 | -9/Materials | Core integrity fell below 50% 1514 | -9/Materials | Core integrity fell below 20% 1553 | -9/Materials | Destroyed self via exploding Nuclear Reactor Last Messages --------------- 01497_ System corrupted: Component data lost. 01513_ Y-45 Defender destroyed. 01518_ System corrupted: FCS attempts to trigger Mni. Grenade Launcher. 01518_ System corrupted: Mni. Grenade Launcher misfires. [Achievement: Maybe Next Time I'll Detach My Launcher] 01526_ Acquired Mni. Grenade Launcher. 01530_ Acquired Seismic Detector. 01535_ K-01 Serf collects debris. 01539_ Triggered Alarm Trap. 01539_ An alarm sounds. 01539_ ALERT: Alarm triggered, dispatching investigation squad. 01544_ K-01 Serf collects debris. 01551_ Mni. Grenade Launcher destroyed. 01551_ Destroyed Mni. Grenade Launcher. 01552_ Com. Wheel destroyed. 01553_ Nuclear Reactor explodes. Map ----- +----------------------------------------------------+ | ?????????????????#????# # ######????????? | | ?????????????????????### # # """??? #???? | | ???????????????????##?## # [ # """""???????? | | ?????????????????### # ######/### """"" ?????? | | ?????????????????# [ =# """ " #??? | | ?????????????????? =* / "" " ##??? | | ?????????????????## * # %/ #??? | | ?????????????????# % ######## # ##??? | | ?????????????????# ### #### #?| #???? | | ????????????????## ??##???#/##### #??? | | ?????????????????# #???????# """" #######??? | | ?????????????????## ######## """" ##???????? | | ????????????????## ** ## """" #????????? | | ????????????????# # ** ## ##???????? | | ????????????????# ## #????????? | | ????????????????# ## #??#?????? | | ????????????????## ## #????????? | | ?????????????????## ## #????????? | | ?????????????????## ############+###????????? | | ??????????????????# T #????????? | | ??????????????#???# +????????? | | ??????????????????# #? ??????? | | ??????????????????# #???"""??? | | ??????????????????# #????????? | | ??????????????????# #?????? ?? | | ????????S?????????# @ ggg #????????? | | ??????????????????# =] ##### #????????? | | ??????????????????# ] """ #???? #????????? | | ?????????????????## """ ###??? #????????? | | ??????????????????# """ ##?? #????????? | | ??????????????????# #??? #????????? | | ??????????????????# #??? ????????? | | ??????????????????########### #???< ????????? | | ??????????????????#?????????# #??? ????????? | | ?????????????????#??????????#####????#????????? | | ??????????????????????????????????????????????? | | ??????????????????????????????????????????????? | | ??????????#?????????????????????#?????????????? | | ??????????????????????????????????????????????? | | ??????????????????????????????????????????????? | | ??????????????????????????????????????????????? | | ??????????????????????????????????????????????? | | | | | | | | | | | | | | | | | +----------------------------------------------------+ Best States ------------- Heat Dissipation 28 Energy Generation 12 Energy Capacity 265 Matter Stores 260 Matter Capacity 300 Sight Range 16 Terrain Scan Range 16 Terrain Scan Density 10 Armor Coverage 150 Evasion (%) 40 Recoil Reduction 2 Item Schematics ----------------- None Robot Schematics ------------------ None Fabricated ------------ Nothing Repaired ---------- Nothing Alien Tech Used ----------------- None Achievements -------------- Maybe Next Time I'll Detach My Launcher Remodeling Challenges ------------ None Game ------ Seed EtherialNeutrinoRipteeth Manual? 0 Play Time 00:18:12 Cumulative 17.0 hours Start 2025.05.13 @ 23:01:13 End 2025.05.13 @ 23:19:24 Sessions 1 Manual Loads 0 Difficulty Rogue Special Mode None Game No. 31 Rogue 31 Adventurer 0 Explorer 0 Win Type - Total 0 Types 0/0/0/0/0/0/0/0/0/0 Lore% 10 Gallery% 22 Achievement% 18 Wizard Run 0 Options --------- Layout 2 ASCII 0 Keyboard 1 Movement Numpad Keybinds 0 Fullscreen 1 Font 24/Smallcaps Map View 50x44 Zoom Use 0% Tactical HUD 1 Map Filters NONE Filters NONE Steam 1 RUN: 8446645a-ad5c-4b57-853e-986ea45836b1